 Dungeon Sprint DCSS version bcrawl-1.12-11-gb93c957c58 (webtiles) character file.

Game seed: 16523476574242374220

24174 Freyura the Genius of the Arcane (level 13, -4/108 HPs)
             Began as a Gnoll Air Elementalist on June 20, 2019.
             Was the Champion of Sif Muna.
             Slain by a purple very ugly thing (16 damage)
             ... in the Dungeon (Sprint IX: "|||||||||||||||||||||||||||||").
             The game lasted 00:45:02 (3328 turns).

Freyura the Genius of the Arcane (GnAE)             Turns: 3328, Time: 00:45:03

Health: -4/108     AC: 22    Str: 12    XL:     13   Next: 11%
Magic:  7/30       EV: 24    Int: 22    God:    Sif Muna [******]
Gold:   1585       SH:  6    Dex: 15    Spells: 15/38 levels left

rFire    + . .     SeeInvis .   t - +2 scimitar (flame)
rCold    + . .     Gourm    .   (no shield)
rNeg     . . .     Faith    .   I - +0 acid dragon scales
rPois    +         Spirit   .   p - +2 helmet
rElec    +         Reflect  +   J - +1 cloak
rCorr    +         Harm     .   o - +2 pair of gloves
MR       .....     NoTele   +   y - +2 pair of boots
Stlth    +++++.....             g - +3 amulet of reflection
HPRegen  0.28/turn              q - +2 ring of evasion
MPRegen  0.22/turn              r - +2 ring of evasion

@: resistant
A: distributed training, fangs 1, strong nose
a: Divine Energy, Channel Magic, Forget Spell, Renounce Religion


You were in the Dungeon.
You worshipped Sif Muna.
Sif Muna was exalted by your worship.
You were not hungry.

You visited 1 branch You collected 1780 gold pieces.
You spent 195 gold pieces at shops.

Inventory:

Hand Weapons
 b - a +5 dagger of venom
 s - a +4 quarterstaff of speed
 t - a +2 scimitar of flaming (weapon)
 G - the +8 battleaxe "Royfodda" {chop, +Rage rPois Str+5 Int-5}
   (You found it in the Dungeon)

   It inflicts extra damage upon your enemies.
   It affects your strength (+5).
   It affects your intelligence (-5).
   It protects you from poison.
   It lets you go berserk.
Armour
 a - a +1 robe
 o - a +2 pair of gloves (worn)
 p - a +2 helmet (worn)
 y - a +2 pair of boots (worn)
 z - a +1 robe of fire resistance
 B - a +0 cloak
 H - the cursed +0 shield of Putsui {rF+}
   (You found it in the Dungeon)

   It protects you from fire.
   It has a curse placed upon it.
 I - +0 acid dragon scales (worn)
 J - a +1 cloak (worn)
Magical Staves
 n - an uncursed staff of energy
 w - an uncursed staff of wizardry
Jewellery
 g - a +3 amulet of reflection (around neck)
 q - a +2 ring of evasion (left hand)
 r - a +2 ring of evasion (right hand)
 C - an uncursed ring of ice
 D - an uncursed ring of protection from fire
 E - an uncursed ring of fire
 F - an uncursed ring of protection from cold
Wands
 e - a wand of enslavement (5)
 h - a wand of random effects (4)
 m - a wand of acid (10)
Scrolls
 i - 3 scrolls of blinking
 k - 4 scrolls of remove curse
 l - 2 scrolls of amnesia
 x - 2 scrolls of fog
 N - 2 scrolls of enchant armour
 O - 2 scrolls of enchant weapon
Potions
 d - a potion of invisibility
 f - 3 potions of haste
 j - a potion of curing
 u - a potion of heal wounds
 A - a potion of mutation
 K - a potion of brilliance
Comestibles
 c - 10 rations {!d}
 L - 8 chunks of flesh


   Skills:
 + Level 12.3 Fighting
 + Level 12.3 Short Blades
 + Level 12.3 Long Blades
 + Level 12.3 Axes
 + Level 12.3 Maces & Flails
 + Level 12.3 Polearms
 + Level 12.3 Staves
 + Level 12.3 Slings
 + Level 12.3 Bows
 + Level 12.3 Crossbows
 + Level 12.3 Throwing
 + Level 12.3 Armour
 + Level 13.0 Dodging
 + Level 13.0 Stealth
 + Level 12.3 Shields
 + Level 12.3 Unarmed Combat
 + Level 13.1 Spellcasting
 + Level 10.7 Conjurations
 + Level 10.5 Hexes
 + Level 10.5 Charms
 + Level 10.5 Summonings
 + Level 10.5 Necromancy
 + Level 10.5 Translocations
 + Level 10.5 Transmutations
 + Level 10.5 Fire Magic
 + Level 10.5 Ice Magic
 + Level 11.7 Air Magic
 + Level 10.5 Earth Magic
 + Level 10.5 Poison Magic
 + Level 13.2 Invocations
 + Level 12.3 Evocations


You had 15 spell levels left.
You knew the following spells:

 Your Spells              Type           Power        Failure   Level  Hunger
a - Shock                 Conj/Air       ####         1%          1    None
b - Airstrike             Air            ######....   1%          4    None
c - Lightning Bolt        Conj/Air       ######....   1%          5    ###....
d - Iron Shot             Conj/Erth      ######....   12%         6    #####..
e - Orb of Destruction    Conj           ######....   52%         7    ######.

Your spell library contained the following spells:

 Spells                   Type           Power        Failure   Level  Hunger
 Animate Skeleton         Necr           N/A          1%          1    None
 Apportation              Tloc           ######       1%          1    None
 Infusion                 Chrm           ######..     1%          1    None
 Pain                     Necr           ####         1%          1    None
 Sandblast                Erth           ######       1%          1    None
 Slow                     Hex            ######..     1%          1    None
 Sting                    Conj/Pois      ####         1%          1    None
 Summon Butterflies       Summ           ######..     1%          1    None
 Call Imp                 Summ           ######..     1%          2    None
 Ensorcelled Hibernation  Hex/Ice        ######       1%          2    None
 Song of Slaying          Chrm           ######..     1%          2    None
 Swiftness                Chrm/Air       ######..     1%          2    None
 Call Canine Familiar     Summ           ######..     1%          3    None
 Conjure Flame            Conj/Fire      ######..     1%          3    None
 Dazzling Spray           Conj/Hex       ######       1%          3    None
 False Image              Hex/Summ       ######..     1%          3    None
 Ignite Poison            Fire/Tmut/Pois ######..     1%          3    None
 Leda's Liquefaction      Hex/Erth       ######....   1%          3    None
 Lesser Beckoning         Tloc           ######....   1%          3    None
 Mephitic Cloud           Conj/Pois/Air  ######..     1%          3    None
 Ozocubu's Armour         Chrm/Ice       ######..     1%          3    None
 Regeneration             Chrm/Necr      ######....   1%          3    None
 Spectral Weapon          Hex/Chrm       ######..     1%          3    None
 Static Discharge         Conj/Air       ######..     1%          3    None
 Stone Arrow              Conj/Erth      ######       1%          3    None
 Tukima's Dance           Hex            ######..     1%          3    None
 Vampiric Draining        Necr           ######....   1%          3    None
 Animate Dead             Necr           N/A          1%          4    None
 Ice Form                 Ice/Tmut       ######..     1%          4    None
 Petrify                  Tmut/Erth      ######..     1%          4    None
 Bolt of Draining         Conj/Necr      ######....   1%          5    ###....
 Iskenderun's Battlesphe  Conj/Chrm      ######..     1%          5    ###....
 Silence                  Hex/Air        ######....   1%          5    ###....
 Summon Lightning Spire   Summ/Air       ######..     1%          5    ###....
 Venom Bolt               Conj/Pois      ######....   1%          5    ###....
 Agony                    Necr           ######..     2%          5    ###....
 Alistair's Intoxication  Tmut/Pois      ######..     2%          5    ###....
 Bolt of Magma            Conj/Fire/Erth ######....   2%          5    ###....
 Dispel Undead            Necr           ######..     2%          5    ###....
 Lee's Rapid Deconstruct  Erth           ######....   2%          5    ###....
 Metabolic Englaciation   Hex/Ice        ######....   2%          5    ###....
 Conjure Ball Lightning   Conj/Air       ######....   9%          6    #####..
 Bolt of Fire             Conj/Fire      ######....   12%         6    #####..
 Borgnjor's Vile Clutch   Necr/Erth      ######....   12%         6    #####..
 Darkness                 Hex            ######....   12%         6    #####..
 Death Channel            Necr           ######....   12%         6    #####..
 Invisibility             Hex            ######..     12%         6    #####..
 Shadow Creatures         Summ           N/A          12%         6    #####..
 Simulacrum               Ice/Necr       ######....   12%         6    #####..
 Borgnjor's Revivificati  Necr           ######....   99%         8    #######
 Infestation              Necr           ######....   99%         8    #######
 Necromutation            Tmut/Necr      ######....   99%         8    #######


Dungeon Overview and Level Annotations

Branches:
Dungeon (1/1)

Altars:
Cheibriados
Dithmenos
Elyvilon
Fedhas
Gozag
Hepliaklqana
Kikubaaqudgha
Lugonu
Makhleb
Nemelex Xobeh
Okawaru
Qazlal
Ru
Sif Muna
Trog
Uskayaw
Vehumet
Wu Jian
Xom
Yredelemnul
Zin
The Shining One
Beogh
Jiyva

Shops:
D ?**[


Innate Abilities, Weirdness & Mutations

Your experience applies equally to all skills.
You have very sharp teeth.
Your uncanny sense of smell can sniff out nearby items.


Message History

The purple very ugly thing claws you!!
* * * LOW HITPOINT WARNING * * *
You barely miss the purple very ugly thing.
The purple very ugly thing is almost dead.
The purple very ugly thing claws you!!
* * * LOW HITPOINT WARNING * * *
You feel better.
You block the purple very ugly thing's attack.
You hit the purple very ugly thing. You burn the purple very ugly thing.
The purple very ugly thing is almost dead.
You block the purple very ugly thing's attack.
You hit the purple very ugly thing. You burn the purple very ugly thing.
The purple very ugly thing is almost dead.
You hit the purple very ugly thing. You burn the purple very ugly thing.
The purple very ugly thing is almost dead.
You block the purple very ugly thing's attack.
You hit the purple very ugly thing but do no damage.
The purple very ugly thing is almost dead.
The purple very ugly thing claws you!
You die...

,*,*,*,*,*,*,*,▓.▓.▓)▓.▓'▓.▓_▓
,*,*,*,*,*,*,*,▓.▓.▓)▓.▓÷▓.▓_▓
,*,*,*,*,*,*,*,▓.▓.▓)▓.▓÷▓.▓_▓
,*,*,*,*,*,*,*,▓.▓.▓)▓.▓.▓.▓_▓
+*,*,*,*,*,*+*,▓.▓.▓.▓.▓.▓.▓_▓
,*,*,*,*+*,*,*,▓.▓.▓)▓.▓.▓.▓_▓
,*,*,*,*,*,*,*,▓.▓.▓.▓.▓.▓.▓_▓
,*,*,*,*,*,*,*,▓.▓)▓.▓.▓.▓.▓_▓
,*,*,*,*,*,*,*,▓@▓.▓.▓.▓.▓.▓_▓
,*,*,*,*,*,*,*,▓u▓.▓'▓.▓.▓.▓_▓
,*,*,*,*,*,*,*,▓.▓.▓)▓.▓'▓.▓'▓
,*,*,*,*,*,*,*,▓†▓.▓)▓.▓.▓.▓.▓
,*,*,*,*,*,*,*,▓.▓.▓)▓)▓.▓.▓.▓
,*,*,*,*,*,*,*,▓)▓.▓)▓.▓.▓.▓.▓
,*,*,*,*,*,*+*,▓)▓.▓)▓.▓.▓.▓)▓
,*,*,*,*,*,*,*,▓[▓.▓∩▓.▓÷▓.▓.▓
,*,*,*,*,*,*,*,▓)▓.▓[▓.▓.▓.▓.▓


You could see a purple very ugly thing.

Vanquished Creatures
  An ettin (D)
  Josephine (D)
  A great orb of eyes (D)
  Erolcha (D)
  8 ogre magi (D)
  2 hydras (D)
  5 two-headed ogres (D)
  An unseen horror (D)
  A cyclops (D)
  A wizard (D)
  2 orc knights (D)
  2 ugly things (D)
  A manticore (D)
  Maurice (D)
  Joseph (D)
  4 cane toads (D)
  A komodo dragon (D)
  An efreet (D)
  A freezing wraith (D)
  2 trolls (D)
  3 polar bears (D)
  A blink frog (D)
  A yak (D)
  5 wraiths (D)
  2 water moccasins (D)
  A floating eye (shapeshifter) (D)
  2 porcupines (D)
  12 orc warriors (D)
  An ice beast (D)
  5 ogres (D)
  5 black bears (D)
  4 crocodiles (D)
  3 bullfrogs (D)
  A hound (D)
  A quasit (D)
  3 orc priests (D)
  6 orc wizards (D)
  A worker ant (D)
  4 orcs (D)
  A bat zombie (D)
  4 goblins (D)
  A giant cockroach zombie (D)
  2 leopard gecko skeletons (D)
  A rat (D)
108 creatures vanquished.

Vanquished Creatures (others)
  An orc wizard (D)
1 creature vanquished.

Grand Total: 109 creatures vanquished

Notes
Turn   | Place    | Note
-------+----------+-------------------------------------------
     0 | D        | Freyura the Gnoll Air Elementalist began the quest for the
                  | Orb.
     0 | D        | Reached XP level 1. HP: 13/13 MP: 6/6
     6 | D        | Reached skill level 5 in Spellcasting
     6 | D        | Reached skill level 1 in Invocations
     7 | D        | Reached skill level 1 in Fighting
     7 | D        | Reached skill level 1 in Short Blades
     7 | D        | Reached skill level 1 in Long Blades
     7 | D        | Reached skill level 1 in Axes
     7 | D        | Reached skill level 1 in Maces & Flails
     7 | D        | Reached skill level 1 in Polearms
     7 | D        | Reached skill level 1 in Staves
     7 | D        | Reached skill level 1 in Slings
     7 | D        | Reached skill level 1 in Bows
     7 | D        | Reached skill level 1 in Crossbows
     7 | D        | Reached skill level 1 in Throwing
     7 | D        | Reached skill level 1 in Armour
     7 | D        | Reached skill level 1 in Shields
     7 | D        | Reached skill level 1 in Unarmed Combat
     7 | D        | Reached skill level 1 in Evocations
   126 | D        | Noticed a worker ant
   126 | D        | Noticed an orc wizard
   128 | D        | Reached XP level 2. HP: 21/21 MP: 8/8
   136 | D        | Reached skill level 1 in Hexes
   136 | D        | Reached skill level 1 in Charms
   136 | D        | Reached skill level 1 in Summonings
   136 | D        | Reached skill level 1 in Necromancy
   136 | D        | Reached skill level 1 in Translocations
   136 | D        | Reached skill level 1 in Transmutations
   136 | D        | Reached skill level 1 in Fire Magic
   136 | D        | Reached skill level 1 in Ice Magic
   136 | D        | Reached skill level 1 in Earth Magic
   136 | D        | Reached skill level 1 in Poison Magic
   136 | D        | Reached XP level 3. HP: 9/27 MP: 3/9
   140 | D        | Reached skill level 5 in Dodging
   140 | D        | Reached skill level 5 in Stealth
   140 | D        | Reached XP level 4. HP: 14/34 MP: 4/11
   321 | D        | Found a roughly hewn altar of Beogh.
   321 | D        | Found a snail-covered altar of Cheibriados.
   321 | D        | Found a shadowy altar of Dithmenos.
   321 | D        | Found a white marble altar of Elyvilon.
   321 | D        | Found a blossoming altar of Fedhas.
   321 | D        | Found an opulent altar of Gozag.
   322 | D        | Found a hazy altar of Hepliaklqana.
   323 | D        | Found a viscous altar of Jiyva.
   324 | D        | Found an ancient bone altar of Kikubaaqudgha.
   325 | D        | Found a corrupted altar of Lugonu.
   326 | D        | Found a burning altar of Makhleb.
   327 | D        | Found a sparkling altar of Nemelex Xobeh.
   328 | D        | Found an iron altar of Okawaru.
   329 | D        | Found a stormy altar of Qazlal.
   330 | D        | Found a sacrificial altar of Ru.
   331 | D        | Found a deep blue altar of Sif Muna.
   332 | D        | Found a bloodstained altar of Trog.
   333 | D        | Found a hide-covered altar of Uskayaw.
   334 | D        | Found a radiant altar of Vehumet.
   335 | D        | Found an ornate altar of the Wu Jian Council.
   336 | D        | Found a shimmering altar of Xom.
   337 | D        | Found a basalt altar of Yredelemnul.
   338 | D        | Found a glowing silver altar of Zin.
   339 | D        | Found a glowing golden altar of the Shining One.
   341 | D        | Became a worshipper of Sif Muna the Loreminder
   394 | D        | Noticed a brown ugly thing
   394 | D        | Noticed a manticore
   394 | D        | Noticed an orc warrior
   394 | D        | Noticed a bullfrog
   394 | D        | Noticed an ice beast
   405 | D        | Killed a brown ugly thing
   405 | D        | Reached * piety under Sif Muna
   405 | D        | Reached ** piety under Sif Muna
   405 | D        | Identified Sif Muna's Papyrus of Lethal Illusion (Sif Muna
                  | gifted it to you in the Dungeon)
   405 | D        | Received a gift from Sif Muna
   405 | D        | Reached skill level 5 in Fighting
   405 | D        | Reached skill level 5 in Short Blades
   405 | D        | Reached skill level 5 in Long Blades
   405 | D        | Reached skill level 5 in Axes
   405 | D        | Reached skill level 5 in Maces & Flails
   405 | D        | Reached skill level 5 in Polearms
   405 | D        | Reached skill level 5 in Staves
   405 | D        | Reached skill level 5 in Slings
   405 | D        | Reached skill level 5 in Bows
   405 | D        | Reached skill level 5 in Crossbows
   405 | D        | Reached skill level 5 in Throwing
   405 | D        | Reached skill level 5 in Armour
   405 | D        | Reached skill level 5 in Shields
   405 | D        | Reached skill level 5 in Unarmed Combat
   405 | D        | Reached skill level 5 in Invocations
   405 | D        | Reached skill level 5 in Evocations
   405 | D        | Reached XP level 5. HP: 22/44 MP: 10/14
   405 | D        | Reached XP level 6. HP: 25/51 MP: 11/16
   405 | D        | Reached XP level 7. HP: 28/56 MP: 11/17
   419 | D        | Killed a manticore
   419 | D        | Reached skill level 5 in Conjurations
   424 | D        | Reached skill level 5 in Hexes
   424 | D        | Reached skill level 5 in Charms
   424 | D        | Reached skill level 5 in Summonings
   424 | D        | Reached skill level 5 in Necromancy
   424 | D        | Reached skill level 5 in Translocations
   424 | D        | Reached skill level 5 in Transmutations
   424 | D        | Reached skill level 5 in Fire Magic
   424 | D        | Reached skill level 5 in Ice Magic
   424 | D        | Reached skill level 5 in Earth Magic
   424 | D        | Reached skill level 5 in Poison Magic
   424 | D        | Reached XP level 8. HP: 20/64 MP: 10/19
   427 | D        | Received a gift from Sif Muna
   678 | D        | Learned a level 4 spell: Airstrike
   684 | D        | Learned a level 5 spell: Lightning Bolt
   689 | D        | Noticed a cyclops
   689 | D        | Noticed an eight-headed hydra
   689 | D        | Noticed a troll
   696 | D        | Killed a cyclops
   696 | D        | Reached *** piety under Sif Muna
   697 | D        | Killed a seven-headed hydra
   697 | D        | Reached XP level 9. HP: 70/72 MP: 1/22
   702 | D        | Killed a troll
   702 | D        | Identified Inius's Compendium of Feathery Execration (Sif
                  | Muna gifted it to you in the Dungeon)
   702 | D        | Received a gift from Sif Muna
   931 | D        | Noticed an eight-headed hydra
   939 | D        | Killed a two-headed hydra
   941 | D        | Reached XP level 10. HP: 27/80 MP: 17/23
   961 | D        | Reached **** piety under Sif Muna
   961 | D        | Identified Sif Muna's Volume of Contamination and Stones
                  | (Sif Muna gifted it to you in the Dungeon)
   961 | D        | Received a gift from Sif Muna
  1149 | D        | Noticed a cane toad
  1149 | D        | Noticed a cane toad
  1151 | D        | Noticed a cane toad
  1152 | D        | Reached skill level 10 in Spellcasting
  1152 | D        | Killed a cane toad
  1152 | D        | Killed a cane toad
  1152 | D        | Reached skill level 10 in Dodging
  1152 | D        | Reached skill level 10 in Stealth
  1152 | D        | Noticed a cane toad
  1163 | D        | Killed a cane toad
  1171 | D        | Killed a cane toad
  1172 | D        | Identified Sif Muna's Guide on Poisonous Good Luck (Sif
                  | Muna gifted it to you in the Dungeon)
  1172 | D        | Received a gift from Sif Muna
  1172 | D        | Reached skill level 10 in Invocations
  1422 | D        | Learned a level 6 spell: Iron Shot
  1442 | D        | Reached ***** piety under Sif Muna
  1442 | D        | Reached XP level 11. HP: 77/89 MP: 13/25
  1745 | D        | Noticed Joseph
  1754 | D        | Killed Joseph
  1754 | D        | Identified Sif Muna's Volume of Fetching Moulding (Sif Muna
                  | gifted it to you in the Dungeon)
  1754 | D        | Received a gift from Sif Muna
  1844 | D        | Noticed Erolcha
  1861 | D        | Killed Erolcha
  1979 | D        | Noticed Maurice
  1990 | D        | Killed Maurice
  1990 | D        | Reached skill level 10 in Air Magic
  2148 | D        | Identified Sif Muna's Handbook of Combat Magic (Sif Muna
                  | gifted it to you in the Dungeon)
  2148 | D        | Received a gift from Sif Muna
  2166 | D        | Reached skill level 10 in Fighting
  2166 | D        | Reached skill level 10 in Short Blades
  2166 | D        | Reached skill level 10 in Long Blades
  2166 | D        | Reached skill level 10 in Axes
  2166 | D        | Reached skill level 10 in Maces & Flails
  2166 | D        | Reached skill level 10 in Polearms
  2166 | D        | Reached skill level 10 in Staves
  2166 | D        | Reached skill level 10 in Slings
  2166 | D        | Reached skill level 10 in Bows
  2166 | D        | Reached skill level 10 in Crossbows
  2166 | D        | Reached skill level 10 in Throwing
  2166 | D        | Reached skill level 10 in Armour
  2166 | D        | Reached skill level 10 in Shields
  2166 | D        | Reached skill level 10 in Unarmed Combat
  2166 | D        | Reached skill level 10 in Evocations
  2299 | D        | Learned a level 7 spell: Orb of Destruction
  2315 | D        | Noticed an orc knight
  2316 | D        | Noticed an orc knight
  2331 | D        | Killed an orc knight
  2331 | D        | Identified Sif Muna's Catalogue of Evil (Sif Muna gifted it
                  | to you in the Dungeon)
  2331 | D        | Received a gift from Sif Muna
  2332 | D        | Killed an orc knight
  2514 | D        | Found Goxeam's Magic Scroll Emporium.
  2514 | D        | Noticed an ogre mage
  2514 | D        | Noticed a two-headed ogre
  2514 | D        | Noticed a two-headed ogre
  2514 | D        | Noticed an ogre mage
  2517 | D        | Killed a two-headed ogre
  2518 | D        | Killed an ogre mage
  2520 | D        | Killed a two-headed ogre
  2520 | D        | Killed an ogre mage
  2520 | D        | Received a gift from Sif Muna
  2520 | D        | Reached XP level 12. HP: 99/99 MP: 1/27
  2524 | D        | Noticed an ogre mage
  2526 | D        | Found Hoyqaek's General Store.
  2526 | D        | Noticed an ogre mage
  2527 | D        | Noticed a two-headed ogre
  2528 | D        | Found Foefec's General Store.
  2528 | D        | Noticed an ogre mage
  2532 | D        | Noticed a two-headed ogre
  2541 | D        | Killed an ogre mage
  2542 | D        | Killed an ogre mage
  2542 | D        | Killed a two-headed ogre
  2542 | D        | Killed a two-headed ogre
  2542 | D        | Reached ****** piety under Sif Muna
  2543 | D        | Killed an ogre mage
  2543 | D        | Identified Plog's Papyrus of Black Magic and Attacks (Sif
                  | Muna gifted it to you in the Dungeon)
  2543 | D        | Received a gift from Sif Muna
  2544 | D        | Found Hunesao's Antique Armour Shoppe.
  2829 | D        | Bought a scroll of magic mapping for 38 gold pieces
  2841 | D        | Bought a +3 amulet of reflection for 157 gold pieces
  2886 | D        | Noticed Josephine
  2890 | D        | Killed Josephine
  2890 | D        | Reached skill level 10 in Conjurations
  3086 | D        | Got the +8 battleaxe "Royfodda" {chop, +Rage rPois Str+5
                  | Int-5}
  3095 | D        | Got the cursed +0 shield of Putsui {rF+}
  3196 | D        | Noticed an ogre mage
  3196 | D        | Noticed a two-headed ogre
  3199 | D        | Identified Cigotuvi's Papyrus of Necromancy (Sif Muna
                  | gifted it to you in the Dungeon)
  3199 | D        | Received a gift from Sif Muna
  3200 | D        | Reached skill level 10 in Hexes
  3200 | D        | Reached skill level 10 in Charms
  3200 | D        | Reached skill level 10 in Summonings
  3200 | D        | Reached skill level 10 in Necromancy
  3200 | D        | Reached skill level 10 in Translocations
  3200 | D        | Reached skill level 10 in Transmutations
  3200 | D        | Reached skill level 10 in Fire Magic
  3200 | D        | Reached skill level 10 in Ice Magic
  3200 | D        | Reached skill level 10 in Earth Magic
  3200 | D        | Reached skill level 10 in Poison Magic
  3201 | D        | Killed an ogre mage
  3202 | D        | Killed a two-headed ogre
  3204 | D        | Noticed a great orb of eyes
  3227 | D        | Noticed an ogre mage
  3228 | D        | Noticed an ettin
  3248 | D        | Noticed an ogre mage
  3251 | D        | Killed a great orb of eyes
  3253 | D        | Paralysed by an ogre mage for 4 turns
  3259 | D        | Noticed a two-headed ogre
  3260 | D        | a two-headed ogre changed into a deep troll
  3262 | D        | Killed an ogre mage
  3262 | D        | Received a gift from Sif Muna
  3267 | D        | Killed an ettin
  3267 | D        | Reached XP level 13. HP: 50/108 MP: 5/30
  3269 | D        | Killed an ogre mage
  3300 | D        | Noticed a purple very ugly thing
  3323 | D        | HP: 5/108 [purple very ugly thing (18)]
  3328 | D        | Slain by a purple very ugly thing

Skill      XL: |  1  2  3  4  5  6  7  8  9 10 11 12 13 |
---------------+----------------------------------------+-----
Conjurations   | 2 4 5 6 7 8 9 10 | 10.7
Spellcasting   | 5 7 9 10 11 13 | 13.1
Invocations    | 1 2 5 6 8 9 10 11 13 | 13.2
Fighting       | 1 2 5 6 7 8 9 10 12 | 12.3
Short Blades   | 1 2 5 6 7 8 9 10 12 | 12.3
Long Blades    | 1 2 5 6 7 8 9 10 12 | 12.3
Axes           | 1 2 5 6 7 8 9 10 12 | 12.3
Maces & Flails | 1 2 5 6 7 8 9 10 12 | 12.3
Polearms       | 1 2 5 6 7 8 9 10 12 | 12.3
Staves         | 1 2 5 6 7 8 9 10 12 | 12.3
Slings         | 1 2 5 6 7 8 9 10 12 | 12.3
Bows           | 1 2 5 6 7 8 9 10 12 | 12.3
Crossbows      | 1 2 5 6 7 8 9 10 12 | 12.3
Throwing       | 1 2 5 6 7 8 9 10 12 | 12.3
Armour         | 1 2 5 6 7 8 9 10 12 | 12.3
Shields        | 1 2 5 6 7 8 9 10 12 | 12.3
Unarmed Combat | 1 2 5 6 7 8 9 10 12 | 12.3
Evocations     | 1 2 5 6 7 8 9 10 12 | 12.3
Hexes          | 1 4 5 6 7 9 10 | 10.5
Charms         | 1 4 5 6 7 9 10 | 10.5
Summonings     | 1 4 5 6 7 9 10 | 10.5
Necromancy     | 1 4 5 6 7 9 10 | 10.5
Translocations | 1 4 5 6 7 9 10 | 10.5
Transmutations | 1 4 5 6 7 9 10 | 10.5
Fire Magic     | 1 4 5 6 7 9 10 | 10.5
Ice Magic      | 1 4 5 6 7 9 10 | 10.5
Earth Magic    | 1 4 5 6 7 9 10 | 10.5
Poison Magic   | 1 4 5 6 7 9 10 | 10.5
Dodging        | 5 6 7 8 9 10 11 12 13 | 13.0
Stealth        | 5 6 7 8 9 10 11 12 13 | 13.0
Air Magic      | 6 7 8 9 10 11 | 11.7

Action                   |  1- 3 |  4- 6 |  7- 9 | 10-12 | 13-15 || total
-------------------------+-------+-------+-------+-------+-------++-------
Melee: Dagger            |     7 |     9 |       |     6 |       ||    22
       Bite              |       |     2 |     5 |    12 |       ||    19
       Quarterstaff      |       |       |    22 |    73 |       ||    95
       Scimitar          |       |       |    16 |    16 |    27 ||    59
       Punch             |       |       |     1 |     2 |     1 ||     4
       Staff             |       |       |       |    24 |       ||    24
 Cast: Shock             |     8 |     1 |     2 |    18 |       ||    29
       Lightning Bolt    |       |       |     4 |    52 |     1 ||    57
       Iron Shot         |       |       |       |     7 |     1 ||     8
       Airstrike         |       |       |       |     2 |     1 ||     3
  Use: Potion            |     1 |       |     4 |    13 |     2 ||    20
       Scroll            |       |       |       |     8 |       ||     8
 Stab: Sleeping          |     1 |     1 |     1 |       |       ||     3
  Eat: Chunk             |       |       |     1 |    10 |     2 ||    13
       Ration            |       |       |       |     2 |       ||     2
Armor: Robe              |     3 |     1 |     5 |    17 |       ||    26
       Acid dragon scale |       |       |       |    11 |     2 ||    13
Dodge: Dodged            |     9 |     6 |    55 |   112 |    10 ||   192
Block: Other             |       |       |     2 |     7 |     4 ||    13
